 Dungeon Crawl Stone Soup version 0.29.1-1-gd02db6906a (webtiles) character file.

Game seed: 13597628590910646089

35515 bwicke the Fighter (level 13, -1/98 HPs)
             Began as a Demonspawn Wanderer on Oct 20, 2022.
             Was an Elder of Hepliaklqana.
             Shot with an arrow by Nessos (13 damage)
             ... on level 4 of the Lair of Beasts on Oct 21, 2022.
             The game lasted 01:30:58 (13497 turns).

bwicke the Fighter (Demonspawn Wanderer)           Turns: 13497, Time: 01:31:00

Health: -1/98      AC: 15    Str: 15    XL:     13   Next: 48%
Magic:  19/19      EV: 20    Int: 15    God:    Hepliaklqana [****..]
Gold:   1142       SH:  0    Dex: 19    Spells: 12/12 levels left

rFire   . . .      SeeInvis +   a - +6 sling (chaos)
rCold   . . .      Faith    .   (no shield)
rNeg    + . .      Spirit   .   w - +3 leather armour "Mynoum" {+Blink rN+}
rPois   .          Reflect  .   O - +1 helmet
rElec   .          Harm     .   (no cloak)
rCorr   .          Rampage  .   M - +3 pair of gloves "Tisoigh" {Regen+ Int+3}
Will    .....      Clarity  +   q - +2 pair of boots
Stlth   ++........              H - amulet of magic regeneration
HPRegen 1.06/turn               A - +4 ring of slaying
MPRegen 0.56/turn               k - +4 ring of evasion

@: lethally poisoned (-1 -> -8), hasted, very quick
A: reduced essence, thin skeletal structure 1, icemail 1, powered by death 2,
condensation shield, see invisible, clarity, clumsy 1, strong 1
a: Renounce Religion, Evoke Blink, Recall Ancestor, Ancestor Identity,
Transference, Idealise


You were on level 4 of the Lair of Beasts.
You worshipped Hepliaklqana.
Hepliaklqana was greatly pleased with you.
You visited 3 branches of the dungeon, and saw 16 of its levels.
You also visited: Ossuary.

You collected 1315 gold pieces.
You spent 173 gold pieces at shops.

Inventory:

Hand Weapons
 a - a +6 sling of chaos (weapon)
 b - the +3 long sword of Duariruhu {spect, rC+ Int+2 Dex+2 Stlth-}
   (You found it on level 5 of the Dungeon)

   When its wielder attacks, the weapon's spirit leaps out and strikes again.
   The spirit shares a part of any damage it takes with its wielder.
   Int:       It affects your intelligence (+2).
   Dex:       It affects your dexterity (+2).
   rC:        It protects you from cold.
   Stlth:     It makes you less stealthy.
 g - a +0 vampiric spear
 i - a +2 falchion of freezing
 l - the +7 great mace "Firestarter" {inner flame, rF++}
   (You found it on level 4 of the Lair of Beasts)

   It burns those it strikes, dealing additional fire damage.
   It fills those it strikes with an explosive inner flame.
   It grants immunity to clouds of flame.
   rF:        It greatly protects you from fire.
 s - a +1 sling of flaming
 x - a +1 short sword of electrocution
 I - the +7 falchion of Pedgh {flame, rPois Dex+3}
   (You found it on level 6 of the Dungeon)

   It burns those it strikes, dealing additional fire damage.
   Big, fiery blades are also staple armaments of hydra-hunters.
   Dex:       It affects your dexterity (+3).
   rPois:     It protects you from poison.
 T - a +0 sling of freezing
Missiles
 r - 3 datura-tipped darts
 Q - 4 silver javelins
 V - 3 throwing nets
Armour
 q - a +2 pair of boots (worn)
 w - the +3 leather armour "Mynoum" (worn) {+Blink rN+}
   (You bought it in a shop on level 4 of the Dungeon)

   rN:        It protects you from negative energy.
   +Blink:    It lets you blink.
 L - a +1 ring mail of poison resistance
 M - the +3 pair of gloves "Tisoigh" (worn) {Regen+ Int+3}
   (You found it on level 1 of the Lair of Beasts)

   Int:       It affects your intelligence (+3).
   Regen:     It increases your rate of health regeneration.
 O - a +1 helmet (worn)
 P - the +3 leather armour of the World {Will+++ Str-3 Int+8}
   (You found it on level 4 of the Lair of Beasts)

   Str:       It affects your strength (-3).
   Int:       It affects your intelligence (+8).
   Will:      It greatly increases your willpower.
Jewellery
 c - a ring of protection from cold
 k - a +4 ring of evasion (right hand)
 A - a +4 ring of slaying (left hand)
 H - an amulet of magic regeneration (around neck)
 R - a +4 ring of protection
 S - a ring of protection from fire
 X - a ring of wizardry
Wands
 e - a wand of mindburst (7)
 n - a wand of paralysis (6)
 y - a wand of iceblast (27)
 J - a wand of digging (6)
 N - a wand of acid (14)
 Y - a wand of polymorph (7)
Scrolls
 d - 5 scrolls of teleportation
 j - 2 scrolls of poison
 m - 2 scrolls of fear
 p - 2 scrolls of magic mapping
 u - a scroll of blinking
 F - 3 scrolls of butterflies
 Z - 4 scrolls of immolation
Potions
 f - 3 potions of magic
 h - 2 potions of might
 o - 3 potions of cancellation
 t - 3 potions of lignification
 v - a potion of flight
 z - a potion of invisibility
 C - 4 potions of curing
 D - 7 potions of ambrosia
 E - 4 potions of brilliance
 G - 3 potions of mutation
 K - a potion of berserk rage
 U - 2 potions of heal wounds
Miscellaneous
 W - a lightning rod (4/4)


   Skills:
 - Level 12.5 Fighting
 - Level 8.1 Long Blades
 - Level 1.0 Axes
 + Level 12.4 Ranged Weapons
 - Level 1.0 Throwing
 - Level 2.6 Armour
 - Level 7.5 Dodging
 - Level 8.5 Invocations
 - Level 6.3 Evocations


You had 12 spell levels left.
You didn't know any spells.
Your spell library contained the following spells:

 Spells                   Type           Power      Damage    Failure   Level
 Beastly Appendage        Tmut           0%         N/A       32%         1
 Necrotise                Necr           0%         1d4       32%         1
 Sandblast                Erth           0%         2d4       32%         1
 Passwall                 Tmut/Erth      0%         N/A       45%         2
 Poisonous Vapours        Pois/Air       0%         N/A       45%         2
 Scorch                   Fire           0%         2d5       45%         2
 Wereblood                Tmut           0%         N/A       45%         2
 Ozocubu's Armour         Ice            0%         N/A       69%         3
 Spider Form              Tmut/Pois      0%         N/A       69%         3
 Stone Arrow              Conj/Erth      0%         3d7       69%         3
 Vampiric Draining        Necr           0%         2d6       69%         3
 Corpse Rot               Necr/Pois/Air  0%         N/A       97%         4
 Dispel Undead            Necr           0%         3d6       97%         4
 Flame Wave               Conj/Fire      0%         2d4       97%         4
 Agony                    Necr           0%         N/A       100%        5
 Iskenderun's Battlesphe  Conj           0%         2d6       100%        5
 Metabolic Englaciation   Hex/Ice        0%         N/A       100%        5
 Death Channel            Necr           0%         N/A       100%        6
 Iron Shot                Conj/Erth      0%         9d1       100%        6
 Simulacrum               Ice/Necr       0%         N/A       100%        6
 Summon Cactus Giant      Summ           0%         N/A       100%        6
 Spellforged Servitor     Conj/Summ      0%         N/A       100%        7


Dungeon Overview and Level Annotations

Branches:
Dungeon (11/15)            Temple (1/1) D:4            Lair (4/5) D:11
 Shoals (0/4) Lair:2       Spider (0/4) Lair:3        Slime (0/5) Lair:4
Ossuary (visited)
    Orc: D:9-12

Altars:
Ashenzari
Cheibriados
Dithmenos
Fedhas
Gozag
Hepliaklqana
Kikubaaqudgha
Makhleb
Nemelex Xobeh
Okawaru
Qazlal
Ru
Sif Muna
Trog
Uskayaw
Vehumet
Wu Jian
Xom
Yredelemnul
Jiyva

Shops:
D:1 [   D:4 [[**

Annotations:
D:11 2 transporters, quakins's ghost, journeyman FoAK
Lair:1 1 runed translucent door, miserystealer's ghost, journeyman HOMo
Lair:2 3 runed translucent doors, avis's ghost, journeyman DgIE; croobank's ghost, journeyman FeSu; quakins's ghost, journeyman DrCj; safid's ghost, journeyman MiHu; whatisthis's ghost, journeyman TrFi
Lair:4 Nessos


Innate Abilities, Weirdness & Mutations

Your life essence is reduced to manifest your ancestor. (-10% HP)
You have a somewhat thin skeletal structure. (Dex +2, Stealth+)
A meltable icy envelope protects you from harm. (AC +0)
You regenerate health from kills.
A meltable shield of frost defends you. (SH +0)
You have supernaturally acute eyesight. (SInv)
You possess an exceptional clarity of mind.
You are clumsy. (Dex -2)
Your muscles are strong. (Str +4, Int/Dex -1)


Message History

[Y]es or [N]o only, please.
Really fire in your butterfly's direction?
You shoot a sling bullet. The sling bullet hits your butterfly!
You kill your butterfly!
Your butterfly disappears in a burst of colours!
Nessos hits your butterfly.
Your butterfly dies!
Your butterfly disappears in a burst of colours!
Nessos wields a +3 longbow of flaming.
It bursts into flame!
Nessos shoots an arrow.
The arrow hits you! The arrow burns you.
You are poisoned.
* * * LOW HITPOINT WARNING * * *
Sunngifu barely misses Nessos.
Okay, then.
Unknown command.
Aiming: Paralyse
Press: ? - help, Shift-Dir - straight line, f/p - Nessos
Aim: Nessos, wielding a +3 longbow of flaming and wearing a +0 barding (lightly wounded, fast, ally target, chance to affect: 64%) Nessos struggles to resist.
You feel very sick.
Nessos shoots an arrow.
The arrow barely misses you.
Nessos shoots an arrow.
The arrow misses you.
Aiming: Polymorph
Press: ? - help, Shift-Dir - straight line, f/p - Nessos
Aim: Nessos, wielding a +3 longbow of flaming and wearing a +0 barding (lightly wounded, fast, ally target, will become a salamander, a komodo dragon, or a meliai, chance to affect: 64%)
Okay, then.
Unknown command.
You feel very sick.
Nessos shoots an arrow.
The arrow closely misses you. The arrow hits your butterfly!!
The arrow burns your butterfly.
Your butterfly dies!
Your butterfly disappears in a burst of colours!
Sunngifu hits Nessos with a +0 flail!
You feel very sick.
Nessos shoots an arrow.
The arrow hits you.
* * * LOW HITPOINT WARNING * * *
The arrow burns you.
* * * LOW HITPOINT WARNING * * *
Nessos shoots an arrow.
The arrow hits you!
You die...

..............P#
.............###
.............#
.............#
.........b...##
.......ยง......##
....b.b.bbb....#
......R..b....##
......c..@b...#
........#b...##
.........b....#
....[.........#
.............##
#############


You could see the friendly Sunngifu the knight and Nessos (fast, ally target).

Vanquished Creatures
  Harold (D:9)
  A hydra (Lair:3)
  A two-headed ogre (D:9)
  Amaemon (D:8)
  Pikel (D:8)
  A deep elf pyromancer (D:10)
  An ugly thing (D:11)
  A cyclops (D:11)
  2 manticores (Lair:2)
  4 elephants
  2 black mambas
  4 unseen horrors
  5 cane toads
  Maggie (D:8)
  An orange demon (D:8)
  2 komodo dragons
  A troll (shapeshifter) (Lair:3)
  A troll (D:9)
  Prince Ribbit (D:5)
  A wind drake (Lair:2)
  13 blink frogs
  A jumping spider (shapeshifter) (Lair:3)
  A wraith (D:11)
  8 wyverns
  32 yaks
  The ghost of Icepheonix32 the Trooper, an amateur MiFi (D:5)
  2 basilisks
  4 steam dragons
  An acid dragon (D:10)
  8 water moccasins
  Duvessa (D:5)
  4 orc warriors
  2 ice beasts
  2 black bears
  An ogre (D:4)
  A sky beast (D:7)
  6 wolves
  A centaur (D:11)
  A phantom (D:4)
  4 kobold brigands
  7 bullfrogs
  2 gnoll sergeants
  2 necrophages
  4 water moccasin zombies
  5 scorpions
  9 wights
  31 killer bees
  3 howler monkeys
  An electric eel (D:9)
  A bullfrog zombie (D:5)
  2 hounds
  5 orc priests
  2 gnoll boudas
  4 jellies
  Jessica (D:3)
  3 iguanas
  10 orc wizards
  2 mummies (Ossuary)
  A howler monkey zombie (D:5)
  A howler monkey skeleton (D:5)
  19 gnolls
  3 adders
  A shadow imp (D:7)
  A white imp (D:7)
  5 adder zombies (Ossuary)
  5 dart slugs
  8 worms
  25 orcs
  5 bats
  8 endoplasms
  A giant cockroach (D:3)
  5 goblins
  10 hobgoblins
  23 kobolds
  8 quokkas
  12 ball pythons
  4 frilled lizards
  2 gnoll zombies (Ossuary)
  5 hobgoblin zombies (Ossuary)
  4 kobold zombies (Ossuary)
  6 orc zombies (Ossuary)
  7 rats
390 creatures vanquished.

Vanquished Creatures (collateral kills)
  2 hydras
  An orb spider (Lair:3)
  A lindwurm (Lair:4)
  2 elephants
  2 black mambas
  4 cane toads
  4 komodo dragons
  A queen bee (Lair:2)
  4 blink frogs
  A wyvern (D:10)
  4 yaks
  A water moccasin (Lair:2)
  A bullfrog (Lair:1)
  Dowan (D:5)
  7 killer bees (Lair:2)
  A jelly (Lair:4)
  An orc priest (D:11)
  An endoplasm (Lair:4)
39 creatures vanquished.

Vanquished Creatures (others)
  A yak (Lair:4)
  3 knights
  An ancestor (D:11)
  A bush (Lair:1)
  16 fungi
  44 plants
66 creatures vanquished.

Grand Total: 495 creatures vanquished

Notes
Turn   | Place    | Note
-------+----------+-------------------------------------------
     0 | D:1      | bwicke the Demonspawn Wanderer began the quest for the Orb.
     0 | D:1      | bwicke set off with the following items: a +2 sling, a +0
                  | hand axe, a +0 scale mail, a scroll of teleportation.
     0 | D:1      | Reached XP level 1. HP: 15/15 MP: 1/1
    77 | D:1      | Found Givval's Armour Emporium.
   360 | D:1      | Gained mutation: You regenerate a little health from kills.
                  | [demonic ancestry]
   360 | D:1      | Reached XP level 2. HP: 21/21 MP: 2/2
   891 | D:2      | Found a faded altar of an unknown god.
   990 | D:2      | Found a basalt altar of Yredelemnul.
  1213 | D:2      | Reached XP level 3. HP: 26/26 MP: 3/3
  1745 | D:3      | Noticed Jessica
  1747 | D:3      | Killed Jessica
  1748 | D:3      | Gained mutation: A meltable shield of frost defends you.
                  | (SH +0) [demonic ancestry]
  1748 | D:3      | Reached XP level 4. HP: 32/32 MP: 4/4
  2197 | D:3      | Found a shimmering blue altar of Sif Muna.
  2210 | D:3      | Reached skill level 5 in Ranged Weapons
  2352 | D:3      | Found a sacrificial altar of Ru.
  2660 | D:3      | Reached XP level 5. HP: 37/37 MP: 5/5
  2747 | D:4      | Found a basalt altar of Yredelemnul.
  2754 | D:4      | Found a radiant altar of Vehumet.
  2888 | D:4      | Found Duysiwk's Armour Shop.
  2890 | D:4      | Found Fehuheq's General Store.
  2891 | D:4      | Found Fisuiro's General Store.
  2892 | D:4      | Found Aperiysm's Antique Armour Shop.
  2900 | D:4      | Noticed an ogre
  2907 | D:4      | Killed an ogre
  2908 | D:4      | Reached XP level 6. HP: 43/43 MP: 6/6
  2910 | D:4      | Bought a scroll of identify for 26 gold pieces
  2915 | D:4      | Bought a heavily runed leather armour for 147 gold pieces
  2915 | D:4      | Identified the +3 leather armour "Mynoum" {+Blink rN+} (You
                  | bought it in a shop on level 4 of the Dungeon)
  3048 | D:4      | Reached skill level 1 in Evocations
  3137 | D:4      | Found a staircase to the Ecumenical Temple.
  3157 | Temple   | Entered the Ecumenical Temple
  3697 | D:5      | Entered Level 5 of the Dungeon
  3781 | D:5      | Noticed Duvessa
  3796 | D:5      | Noticed Dowan
  3799 | D:5      | Killed Duvessa
  3800 | D:5      | Reached XP level 7. HP: 21/48 MP: 7/7
  3810 | D:5      | Killed Dowan
  4102 | D:5      | Reached skill level 5 in Evocations
  4131 | D:5      | Found a runed translucent gate.
  4131 | D:5      | Found a runed translucent gate.
  4131 | D:5      | Found a runed translucent gate.
  4131 | D:5      | Noticed a wyvern
  4149 | D:5      | Killed a wyvern
  4157 | D:5      | Gained mutation: You are clumsy. (Dex -2) [potion of
                  | mutation]
  4157 | D:5      | Gained mutation: You have supernaturally acute eyesight.
                  | (SInv) [potion of mutation]
  4157 | D:5      | Gained mutation: Your muscles are strong. (Str +4, Int/Dex
                  | -1) [potion of mutation]
  4157 | D:5      | Gained mutation: You possess an exceptional clarity of
                  | mind. [potion of mutation]
  4482 | D:5      | Identified the +3 long sword of Duariruhu {spect, rC+ Int+2
                  | Dex+2 Stlth-}
  4513 | D:5      | Noticed an unseen horror
  4525 | D:5      | Reached XP level 8. HP: 47/54 MP: 8/8
  4526 | D:5      | Killed an unseen horror
  4724 | D:5      | Noticed Prince Ribbit
  4732 | D:5      | Killed Prince Ribbit
  4790 | D:5      | Noticed Icepheonix32's ghost (amateur MiFi)
  4962 | D:5      | Killed Icepheonix32's ghost
  4965 | D:5      | Reached XP level 9. HP: 58/59 MP: 9/9
  5076 | D:6      | Reached skill level 10 in Ranged Weapons
  5164 | D:6      | Found a sand-covered staircase.
  5175 | Ossuary  | Entered an ossuary
  5469 | D:6      | Reached skill level 5 in Fighting
  5568 | D:6      | Identified the +7 falchion of Pedgh {flame, rPois Dex+3}
  5598 | D:6      | Noticed a moth of wrath
  5601 | D:6      | Found a bloodstained altar of Trog.
  5918 | D:7      | Identified the +1 pair of gloves of Huveh {-Tele Will+
                  | Regen+ Int+3}
  6274 | D:7      | Gained mutation: You regenerate health from kills. [demonic
                  | ancestry]
  6274 | D:7      | Reached XP level 10. HP: 79/79 MP: 10/10
  6795 | D:8      | Noticed an orange demon
  6799 | D:8      | Noticed Amaemon
  6807 | D:8      | Killed an orange demon
  6818 | D:8      | Killed Amaemon
  7004 | D:8      | Noticed Maggie
  7145 | D:8      | Killed Maggie
  7178 | D:8      | Reached skill level 10 in Fighting
  7271 | D:8      | Noticed Pikel
  7282 | D:8      | Killed Pikel
  7531 | D:8      | Found a shimmering altar of Xom.
  7722 | D:9      | Noticed a two-headed ogre
  7738 | D:9      | Killed a two-headed ogre
  7739 | D:9      | Reached XP level 11. HP: 85/94 MP: 11/11
  8182 | D:9      | Found an opulent altar of Gozag.
  8248 | D:9      | Found a hazy altar of Hepliaklqana.
  8252 | D:9      | Became a worshipper of Hepliaklqana the Forgotten
  8325 | D:9      | Noticed Harold
  8338 | D:9      | Killed Harold
  8442 | D:9      | Reached skill level 1 in Long Blades
  9066 | D:10     | Entered Level 10 of the Dungeon
  9122 | D:10     | Noticed a deep elf pyromancer
  9126 | D:10     | Killed a deep elf pyromancer
  9174 | D:10     | Reached * piety under Hepliaklqana
  9797 | D:11     | Noticed a two-headed ogre
  9798 | D:11     | Noticed a two-headed ogre
  9799 | D:11     | Found a transporter.
  9799 | D:11     | Noticed quakins's ghost (journeyman FoAK)
  9861 | D:11     | Reached skill level 5 in Long Blades
  9924 | D:11     | Noticed a cyan ugly thing
  9936 | D:11     | Killed a cyan ugly thing
 10151 | D:11     | Reached ** piety under Hepliaklqana
 10176 | D:11     | Found a staircase to the Lair.
 10204 | D:11     | Found a transporter.
 10255 | D:11     | Found a bloodstained altar of Trog.
 10322 | Lair:1   | Entered Level 1 of the Lair of Beasts
 10323 | Lair:1   | Remembered your ancestor Sunngifu as a knight
 10687 | Lair:1   | Gained mutation: You have a somewhat thin skeletal
                  | structure. (Dex +2, Stealth+) [demonic ancestry]
 10687 | Lair:1   | Reached XP level 12. HP: 92/92 MP: 12/12
 10728 | Lair:1   | Found a runed translucent door.
 10731 | Lair:1   | Noticed miserystealer's ghost (journeyman HOMo)
 10768 | Lair:1   | Identified the +3 pair of gloves "Tisoigh" {Regen+ Int+3}
 10906 | Lair:1   | Reached skill level 1 in Invocations
 11347 | Lair:2   | Reached skill level 5 in Invocations
 11503 | Lair:2   | Found a runed translucent gate.
 11503 | Lair:2   | Found a runed translucent gate.
 11505 | Lair:2   | Found a runed translucent gate.
 11506 | Lair:2   | Noticed whatisthis's ghost (journeyman TrFi)
 11506 | Lair:2   | Noticed croobank's ghost (journeyman FeSu)
 11647 | Lair:2   | Reached *** piety under Hepliaklqana
 11769 | Lair:2   | Noticed quakins's ghost (journeyman DrCj)
 11770 | Lair:2   | Noticed avis's ghost (journeyman DgIE)
 11770 | Lair:2   | Noticed safid's ghost (journeyman MiHu)
 11827 | Lair:2   | Found a staircase to the Shoals.
 12090 | Lair:2   | Reached skill level 5 in Dodging
 12451 | Lair:3   | Noticed an eight-headed hydra
 12526 | Lair:3   | Gained mutation: A meltable icy envelope protects you from
                  | harm. (AC +0) [demonic ancestry]
 12526 | Lair:3   | Reached XP level 13. HP: 98/98 MP: 19/19
 12842 | Lair:3   | Found a hole to the Spider Nest.
 13138 | Lair:4   | Found a viscous altar of Jiyva.
 13138 | Lair:4   | Reached **** piety under Hepliaklqana
 13152 | Lair:4   | Found a staircase to the Slime Pits.
 13239 | Lair:4   | Found the +7 great mace "Firestarter" {inner flame, rF++}
 13327 | Lair:4   | Identified the +3 leather armour of the World {Will+++
                  | Str-3 Int+8}
 13475 | Lair:4   | Noticed Nessos
 13497 | Lair:4   | Shot with an arrow by Nessos

Illustrated notes

Levels and vault maps discovered:
D:1:      lemuel_arrival_river_ford, layout_loops_ring, serial_shops, shop
D:2:      minmay_recursive_quarters, layout_loops_ring,
          nicolae_ecumenical_pavilion, basic_altar, kennysheep_big_empty_room,
          minmay_vboxes
D:3:      wander_river, layout_loops_ring, kennysheep_orc_sif_temple,
          lemuel_coloured_pillars_altar, grunt_decor_fettered, uniq_jessica
D:4:      layout_loops_cross, general_overflow_altar,
          mainiacjoe_overflow_catch_the_wave,
          minmay_temple_entry_statues_fountains, roderic_roman_lattice,
          st_stairs_12, minmay_shop_grid_forest
D:5:      layout_loops_ring, gammafunk_ghost_necromancy, uniq_duvessa,
          uniq_prince_ribbit1
D:6:      layout_cave_pools, tgw_trog, nicolae_ossuary_entry_monument,
          abandoned_shop
D:7:      corexii_shack_village, layout_loops_ring,
          nicolae_kite_square_tiling_tiny
D:8:      layout_rooms, mainiacjoe_overflow_alcove_4,
          chequers_serial_rivers_marsh, kennysheep_another_room,
          hangedman_abyss_or_decor_jellyfish_corner, uniq_amaemon, uniq_maggie,
          uniq_pikel
D:9:      layout_basic, mainiacjoe_overflow_large_starburst,
          kennysheep_opposing_triangles, uniq_harold
D:10:     layout_irregular_city, serial_column_ruins, column_ruins_hut,
          column_ruins_hut_water, column_ruins_columns_corner,
          column_ruins_grid_4, column_ruins_corridor_corner,
          column_ruins_open_medium
D:11:     layout_rooms, lair_entry_dummy, gammafunk_ghost_arena,
          david_defended_altar_orc
Temple:   nicolae_temple_bog_church
Lair:1:   layout_loops_ring, ebering_ghost_inner_flame, grunt_megastairs_4,
          serial_bayou_shore_b
Lair:2:   regret_index_wax_grids, layout_regular_city,
          minmay_shoals_entry_beasts, gammafunk_ghost_cemetery,
          lemuel_fruit_tree
Lair:3:   layout_roguey, nicolae_spider_entry_orb_guardian, serial_bayou_ford_a,
          infiniplex_staircase_pool_2
Lair:4:   layout_hall_layers, nicolae_slime_entry_slimehenge, uniq_nessos

Skill      XL: |  1  2  3  4  5  6  7  8  9 10 11 12 13 |
---------------+----------------------------------------+-----
Ranged Weapons | 3 4 5 6 9 10 12 | 12.4
Evocations     | 4 6 |  6.3
Fighting       | 7 11 12 | 12.5
Long Blades    | 8 |  8.1
Invocations    | 8 |  8.5
Dodging        | 7 |  7.5
Axes           | |  1.0
Throwing       | |  1.0
Armour         | |  2.6

Action                   |  1- 3 |  4- 6 |  7- 9 | 10-12 | 13-15 || total
-------------------------+-------+-------+-------+-------+-------++-------
Melee: Long sword        |       |       |    93 |    38 |     2 ||   133
       Short sword       |       |       |     3 |       |       ||     3
       Falchion          |       |       |    24 |   218 |     7 ||   249
       Punch             |       |       |     1 |     7 |       ||     8
       Great mace        |       |       |       |       |     1 ||     1
 Fire: Sling             |    89 |   128 |   161 |   425 |   168 ||   971
Throw: Javelin           |       |       |       |     1 |       ||     1
Invok: Recall Ancestor   |       |       |       |     3 |     1 ||     4
       Ancestor Life: Kn |       |       |       |     1 |       ||     1
       Transference      |       |       |       |       |     1 ||     1
 Abil: Evoke Blink       |       |     1 |     1 |       |       ||     2
Evoke: Wand              |       |       |       |     1 |     1 ||     2
  Use: Scroll            |     9 |     3 |     4 |    14 |     3 ||    33
       Potion            |       |       |     6 |     4 |     1 ||    11
 Stab: Distracted        |       |       |     2 |     1 |       ||     3
       Sleeping          |       |       |       |       |     1 ||     1
Armor: Scale mail        |    13 |     6 |       |       |       ||    19
       Leather armour    |       |    11 |    49 |   131 |    19 ||   210
Dodge: Dodged            |    12 |    38 |    96 |   317 |    43 ||   506
Block: Other             |       |     6 |    25 |    67 |     2 ||   100
